[Event "15th Arad Open 2022"]
[Site "Arad"]
[Date "2022.08.14"]
[Round "9.11"]
[White "Ionescu, Irina"]
[Black "Anghel, Iulian-Mihai"]
[Result "1/2-1/2"]
[ECO "C54"]
[WhiteElo "2125"]
[BlackElo "2015"]
[Annotator "TA"]
[PlyCount "121"]
[EventDate "2022.08.08"]
[EventType "swiss"]
[EventCountry "ROU"]
[SourceTitle "playchess.com"]
[Source "ChessBase"]
[SourceQuality "1"]
[TimeControl "5400+30"]

1. e4 e5 2. Nf3 Nc6 3. Bc4 Bc5 4. c3 Nf6 5. d3 a6 6. Nbd2 Ba7 7. Bb3 d6 8. O-O O-O 9. h3 h6 10. Re1 Be6 {[%emt 0:01:03] 10...Re8 is the modern continuation.} 11. Nf1 Re8 12. Ng3 d5 {[%emt 0:02:56] C54: Giuoco Piano: 4 c3 Nf6, main lines with 5 d4 and 5 d3.} 13. Qe2 Qd7 14. Nh2 Rad8 {[%emt 0:09:35] Black has an edge.} 15. Qf3 dxe4 16. dxe4 Bxb3 17. axb3 Qd3 {[%emt 0:01:00] [#]} 18. Be3 $146 (18. b4 $11) ({Predecessor:} 18. Qxd3 Rxd3 19. Nhf1 Red8 20. Be3 Bxe3 21. Nxe3 g6 22. b4 h5 23. f3 Kf8 24. Ngf1 {½-½ (31) Khatanbaatar,B (2375)-Batchuluun,T (2460) Ulaanbaatar 2016}) 18... Bxe3 $17 19. Rxe3 Qd7 (19... Qc2 $17) 20. Nf5 $11 Kh7 21. g4 (21. Qg3 $11 g6 22. Qh4 gxf5 23. Qxf6) 21... Ng8 22. Re2 (22. g5 $11) 22... Qe6 23. b4 Nce7 24. Ne3 Rd3 25. Rd1 Red8 26. Ree1 Ng6 $1 27. Rxd3 Rxd3 28. Rd1 Rxd1+ 29. Nxd1 (29. Qxd1 $17 {was necessary.} Nf6 30. Qc2) 29... Nf4 30. Nf1 {[%emt 0:00:21] [#]} (30. h4 $17) 30... Ne7 $1 $19 31. Nfe3 Qc6 (31... Qd7 $19 32. Nd5 Nexd5 33. exd5 Qxd5 34. Qxd5 Nxd5) 32. Kh2 (32. Ng2 $1 $15) 32... Qb5 33. h4 (33. Nf5 $17 Nc8 34. Nd4) 33... Qd3 34. h5 Ng8 35. Qh1 Qe2 (35... Nf6 $19 {[%cal Of6g4] and Black stays clearly on top.} 36. f3 Qd2+ 37. Kg3 Ne2+ 38. Kh2 Nxc3+ 39. Qg2 Ne2) 36. Kg3 $17 Nf6 (36... b5 $17) 37. f3 $15 b5 38. Qf1 Qd2 $36 {[%emt 0:00:20][%mdl 2048] Black fights for an advantage.} 39. Qf2 Qd8 40. b3 {[%emt 0:00:00] [#]} (40. Qe1 $11 {remains equal.}) 40... Ne8 $1 $17 41. c4 (41. Kh2 $17) 41... Qg5 $19 42. Kh2 Nf6 43. cxb5 axb5 {[%emt 0:00:00][%cal Of6h5] White must now prevent ...N6xh5!} 44. Ng2 {[%emt 0:00:19] [#]} N6xh5 45. gxh5 Qxh5+ 46. Qh4 ({But not} 46. Nh4 $2 Ng6 47. Ne3 Nxh4 $19) 46... Qxf3 47. Nxf4 (47. Nde3 $17 {only move.}) 47... exf4 ({Stronger than} 47... Qxf4+ 48. Qxf4 exf4 49. Nc3 $14) ({Worse is} 47... Qxd1 48. Qh3 $15) 48. Qe1 Qxb3 49. e5 Qc2+ 50. Nf2 Kg6 $2 (50... g5 $19 {...g4 is the strong threat.} 51. Kg2 Kg6) 51. Qg1+ $11 Kh7 52. Qg2 $2 (52. Qe1 $1 $11 {and White is okay.}) 52... g6 $2 (52... Qe2 $19 {has better winning chances. Strongly threatening ...g5.} 53. Qe4+ Qxe4 54. Nxe4 Kg6) 53. Ne4 $17 Qc4 (53... Qd1 $17 {And now ...Qh5+ would win.} 54. Nf6+ Kg7 55. Ne8+ Kf8) 54. Nf6+ $15 Kg7 55. Qe4 $2 (55. Ne8+ $15 Kf8 56. Nf6) 55... Qf1 $2 ({Better is} 55... c6 $19 {Threatens to win with ...Qxe4.} 56. Kg1 h5) 56. Ne8+ $1 $11 {[%emt 0:00:39] The position is equal.} Kh7 57. Nf6+ Kg7 58. Ne8+ $1 Kh7 {[%emt 0:01:11] Hoping for ...f3.} 59. Nf6+ Kg7 60. Ne8+ $1 Kf8 61. Nxc7 {Weighted Error Value: White=0.36/Black=0.35} 1/2-1/2

[Event "15th Arad Open 2022"]
[Site "Arad"]
[Date "2022.08.14"]
[Round "9.12"]
[White "Chima, Radu-Niculin"]
[Black "Sida, Flavia-Maria"]
[Result "1-0"]
[ECO "B75"]
[WhiteElo "2005"]
[BlackElo "1392"]
[Annotator "TA"]
[PlyCount "57"]
[EventDate "2022.08.08"]
[EventType "swiss"]
[EventCountry "ROU"]
[SourceTitle "playchess.com"]
[Source "ChessBase"]
[SourceQuality "1"]
[TimeControl "5400+30"]

1. e4 c5 2. Nf3 d6 3. d4 cxd4 4. Nxd4 g6 5. Nc3 Bg7 6. Be3 Nf6 7. f3 a6 8. Qd2 h5 {[%emt 0:01:02] 8...b5 is the modern continuation. B75: Sicilian Dragon: Yugoslav Attack, Miscellaneous.} 9. O-O-O b5 10. Nb3 {[%emt 0:03:54][%cal Oe4e5] [#] Hoping for e5!} Nbd7 {[%emt 0:01:50] The position is equal.} 11. Kb1 Bb7 12. a4 {[%emt 0:11:14] [#]} ({White has to play} 12. a3 $1 $11) 12... bxa4 $146 ({Predecessor:} 12... O-O 13. axb5 axb5 14. Bxb5 Qc7 15. Rhe1 Rfb8 16. Bd4 Bc6 17. Bxc6 Qxc6 18. Qd3 Rb4 19. Na2 {1-0 (19) Daanen,A (2136)-Martyshin,S (1683) LSS email 2014}) 13. Nxa4 Bc6 $1 14. Qb4 O-O 15. Nd4 Bxa4 16. Qxa4 Nc5 17. Qa3 Qc7 18. Nb3 Nfd7 {[%emt 0:00:53] ...Rfb8 is the strong threat.} 19. Be2 ({White should try} 19. Nxc5 $15 Nxc5 20. Bxc5) 19... Rfc8 (19... Rab8 $17 20. Bd4 Nxb3 21. cxb3 Bxd4 22. Rxd4 Qc5 23. Qxc5 Nxc5) 20. Rc1 (20. Nxc5 $15 Nxc5 21. Bxc5) 20... a5 (20... Rcb8 $19 {and Black stays clearly on top. White must now prevent ...a5.} 21. Rcd1 a5) 21. Nd4 (21. Nxc5 $17 {was necessary.} Nxc5 22. Bxc5 Qxc5 23. Qxc5 Rxc5 24. c3) 21... a4 22. Rhd1 Rcb8 23. Nb5 Qc6 24. c4 Nb3 25. Rc2 Ndc5 {[%emt 0:00:45] Pair of Knights!} 26. Rd5 f5 ({Better is} 26... Kh7 $17) 27. exf5 $11 (27. Bxc5 $2 dxc5 28. Ka2 fxe4 29. fxe4 e6 $19) 27... Kh8 $2 (27... Rxb5 $2 28. cxb5 Qe8 29. Bc4 $18) ({Black should play} 27... gxf5 $11 28. f4 (28. Rxf5 Qd7 $11) 28... Ne4) 28. fxg6 $16 {[%emt 0:01:27] [#] Threatens to win with f4. Dancing on a razor blade.} Rxb5 $2 (28... Qc8 29. Bg1 (29. Rxh5+ Kg8 $16) 29... Kg8) 29. Rxh5+ {[%emt 0:00:20] Weighted Error Value: White=0.25 (precise) /Black=0.29 (precise)} 1-0

[Event "15th Arad Open 2022"]
[Site "Arad"]
[Date "2022.08.14"]
[Round "9.13"]
[White "Tablan, Matei-Christian"]
[Black "Ghita, Vlad-Bogdan"]
[Result "1-0"]
[ECO "A43"]
[WhiteElo "1928"]
[BlackElo "1944"]
[Annotator "TA"]
[PlyCount "55"]
[EventDate "2022.08.08"]
[EventType "swiss"]
[EventCountry "ROU"]
[SourceTitle "playchess.com"]
[Source "ChessBase"]
[SourceQuality "1"]
[TimeControl "5400+30"]

1. e4 g6 2. d4 Bg7 3. c4 c5 4. d5 d6 5. Nc3 Bxc3+ 6. bxc3 e5 {[%emt 0:00:01] is recently more successful than 6...Qa5. A43: Schmid Benoni.} 7. Bd3 Nd7 8. Ne2 {[%emt 0:05:28] [#] White is more active.} Qa5 $146 {[%emt 0:00:20] White is better.} ({Predecessor:} 8... Qe7 9. a4 a5 10. h4 h6 11. f3 Kd8 12. Be3 Nb6 13. Qb3 Ra6 14. g4 Bd7 {0-1 (65) Muradli,M (2523)-Ilyasli,U (2310) Nakhchivan 2022}) 9. O-O Ne7 (9... h5 $16) 10. Bh6 $18 Qa6 (10... f6 $16 11. f4 Kf7) 11. a4 Qa5 12. h3 Rg8 13. f4 f5 (13... exf4 $142 14. Bxf4 Qc7) 14. Qc2 fxe4 15. Bxe4 Qa6 16. f5 gxf5 17. Bxf5 Qxc4 18. Bxh7 {[%emt 0:05:44] This bishop pair is nice.} Qxd5 {[%emt 0:00:52][%csl Gg8][%cal Rd5g2] [#]} 19. Bxg8 Qxg8 20. Rf2 Qh8 $2 (20... d5 21. a5 Qg6 22. Qxg6+ Nxg6) 21. Bg5 {[%emt 0:00:36] Hoping for Bxe7. White is clearly winning.} Nb6 22. Raf1 {[%emt 0:18:46] [#] Black must now prevent Bxe7.} Be6 23. Rf8+ Qxf8 24. Rxf8+ Kxf8 25. Qh7 Bf7 26. Ng3 {[%emt 0:03:03] And now Ne4 would win.} Nxa4 27. Qh8+ (27. Ne4 $142 Ke8 28. Nxd6+ Kd7 29. Nxf7) 27... Ng8 28. Nf5 {[%emt 0:00:05] Black got outplayed after the opening.  Weighted Error Value: White=0.24 (precise) /Black=0.54} 1-0

[Event "15th Arad Open 2022"]
[Site "Arad"]
[Date "2022.08.14"]
[Round "9.14"]
[White "Tamas, Christian-Arrydan"]
[Black "Donici-Maier, David"]
[Result "1-0"]
[ECO "E92"]
[WhiteElo "1913"]
[BlackElo "1786"]
[Annotator "TA"]
[PlyCount "113"]
[EventDate "2022.08.08"]
[EventType "swiss"]
[EventCountry "ROU"]
[SourceTitle "playchess.com"]
[Source "ChessBase"]
[SourceQuality "1"]
[TimeControl "5400+30"]

1. d4 Nf6 2. c4 g6 3. Nc3 Bg7 4. e4 d6 5. Nf3 O-O 6. Be2 e5 7. d5 Na6 8. Nd2 c5 9. g4 {[%emt 0:07:57] [#] E92: King's Indian: Classical: 6 Be2 e5: 7 dxe5, 7 Be3 and Petrosian System without 7...Nbd7.} h6 $146 ({Predecessor:} 9... Nc7 10. h4 h6 11. g5 Nh7 12. gxh6 Bxh6 13. h5 Bf4 14. Nf1 a6 15. a4 Bd7 16. Rg1 g5 {½-½ (27) Bjelobrk,I (2401)-Rujevic,M (2092) Melbourne 2018}) 10. h4 Nh7 11. Nf1 {[%emt 0:09:57] White is better.} Rb8 12. Be3 f6 (12... Nc7 $142 13. Ng3 a6) 13. Qc1 g5 14. a3 Bd7 15. h5 Rf7 16. Rb1 b6 17. b4 Be8 18. Ng3 Bf8 19. f3 Rfb7 20. Kf2 Kh8 21. Qd2 Nc7 22. Rb2 a6 23. a4 Na8 (23... cxb4 $142 24. Rxb4 a5) 24. Rhb1 $18 Qc7 25. Rb3 Bd7 26. Qa2 Kg8 27. Kg2 Kh8 28. R1b2 Kg8 29. Qb1 Bc8 30. Bf2 Kh8 31. bxc5 bxc5 32. Be1 Rxb3 33. Rxb3 Rxb3 34. Qxb3 Be7 35. Nd1 Nf8 36. a5 Bd8 $2 {[%emt 0:01:11] [#]} (36... Nd7 37. Nf5 Bf8) 37. Ne3 Kh7 38. Ngf5 Bd7 39. Kg3 Bc8 40. Bd1 Bd7 41. Qb2 Bc8 42. Ba4 Bd7 43. Qb3 Bxa4 44. Qxa4 {[%emt 0:00:00] [#] White threatens Qe8 and mate.} Nd7 45. Bc3 Kg8 46. Nxh6+ Kg7 47. Nhf5+ Kh7 48. Qc6 Qxc6 49. dxc6 Nb8 50. Nxd6 Nxc6 51. Nb7 Kg7 $2 (51... Be7 52. Nd5 Nd8 53. Nxe7 Nxb7) 52. Nxc5 Bxa5 53. Bxa5 Nxa5 54. Nxa6 Nc6 55. c5 Nd4 56. Nf5+ Nxf5+ 57. exf5 {[%emt 0:00:00] White took control after the opening.  Weighted Error Value: White=0.16 (very precise) /Black=0.54} 1-0

[Event "15th Arad Open 2022"]
[Site "Arad"]
[Date "2022.08.14"]
[Round "9.15"]
[White "Butolo, Alexandru-Mircea"]
[Black "Tudor, Henry Edward"]
[Result "1-0"]
[ECO "B42"]
[WhiteElo "1863"]
[BlackElo "1984"]
[Annotator "TA"]
[PlyCount "85"]
[EventDate "2022.08.08"]
[EventType "swiss"]
[EventCountry "ROU"]
[SourceTitle "playchess.com"]
[Source "ChessBase"]
[SourceQuality "1"]
[TimeControl "5400+30"]

1. e4 c5 2. Nf3 e6 3. d4 cxd4 4. Nxd4 a6 5. Bd3 Nf6 6. O-O Bc5 7. Nb3 Ba7 8. c4 Nc6 9. Bf4 {[%emt 0:01:37] [#] B42: Sicilian: Kan Variation: 5 Bd3.} d5 $146 ({Predecessor:} 9... d6 10. Nc3 O-O 11. Qe2 Qe7 12. c5 dxc5 13. e5 Nd5 14. Qe4 f5 15. Nxd5 exd5 16. Qxd5+ Be6 {0-1 (40) Horvath,R (2015)-Kristoferitsch,D (1941) Austria 2019}) 10. cxd5 exd5 11. e5 (11. Nc3 $11 {remains equal.}) 11... Ng8 (11... Ng4 $17) 12. Nc3 Nge7 13. Qf3 Be6 14. Rad1 Qc7 15. Qg3 O-O 16. Rfe1 (16. Qh4 Ng6 17. Bxg6 fxg6 $15) 16... Rad8 17. Bg5 Rd7 18. Kh1 Kh8 19. f4 $40 {[%emt 0:06:36][%mdl 128] White attacks.} (19. Qh4 Ng6 20. Bxg6 fxg6 $15) 19... d4 (19... Qc8 $14 {should be considered.}) 20. Ne2 {[%emt 0:09:06] White is more active.} (20. Qh4 $6 Ng6 21. Bxg6 fxg6 $11) (20. Ne4 $16 {[%cal Oe4f6] aiming for Nf6!} Nf5 21. Qh3) 20... Bf5 (20... Qc8 $14) 21. Bxe7 (21. Qh4 $1 $16) 21... Nxe7 $11 22. Qg5 f6 23. exf6 Rxf6 24. Qh5 g6 25. Qg5 (25. Qh4 $1 $11 Rf7 26. Nec1) 25... Kg7 $2 {[%emt 0:00:22][%mdl 8192] [#] This move loses the game for Black.} (25... Rf8 $15 {keeps the upper hand.}) 26. Ng3 $1 $18 {[%emt 0:00:59] White threatens Nh5+ and mate.} Kf7 {[%emt 0:00:00] [#]} 27. Rc1 $1 ({Not} 27. Nh5 gxh5 28. Bxf5 (28. Qxh5+ $2 Bg6 $19) (28. Rxe7+ $2 Rxe7 29. Bxf5 h6 $19) 28... Nxf5 $11) (27. Bxf5 Nxf5 28. Re5 h6 $11) 27... Bxd3 28. Rxc7 Rxc7 29. Qe5 {[%emt 0:01:10][%csl LRc7,LRd4] Really sharp!} Rd7 (29... Rfc6 {was necessary.} 30. h3 Bf5) 30. Nd2 {[%emt 0:01:27] Strongly threatening Nge4.} Bb6 31. Nde4 Nd5 32. Nxf6 Nxf6 33. Qe6+ Kg7 34. Qxb6 Bb5 35. Qc5 {[%emt 0:01:13] Hoping for Re7+.} Kf7 {[%emt 0:00:36] Prevents Re7+.} 36. Ne4 Nxe4 37. Rxe4 d3 38. Rd4 (38. f5 $142 d2 39. fxg6+ hxg6 40. Rf4+ Ke6 41. Qe3+ Kd6 42. Rf6+ Kd5 43. Qxd2+ Bd3 44. Rxg6) 38... Re7 39. h4 {[%emt 0:00:18] Threatens to win with f5.} Re2 40. Qd5+ Kf6 41. Re4 Rc2 42. Re6+ Kg7 43. Re7+ {[%emt 0:00:00] Weighted Error Value: White=0.23 (precise) /Black=0.94} 1-0

[Event "15th Arad Open 2022"]
[Site "Arad"]
[Date "2022.08.14"]
[Round "9.16"]
[White "Oltean, Cristian-Daniel"]
[Black "Matasaru, Stephanie"]
[Result "0-1"]
[ECO "B81"]
[WhiteElo "2158"]
[BlackElo "1885"]
[Annotator "TA"]
[PlyCount "66"]
[EventDate "2022.08.08"]
[EventType "swiss"]
[EventCountry "ROU"]
[SourceTitle "playchess.com"]
[Source "ChessBase"]
[SourceQuality "1"]
[TimeControl "5400+30"]

1. e4 c5 2. Nf3 d6 3. d4 cxd4 4. Nxd4 Nf6 5. Nc3 a6 6. h3 e6 7. g4 Be7 8. Bg2 Nfd7 {[%emt 0:00:17] B81: Sicilian Scheveningen: Keres Attack.} 9. Be3 Ne5 10. O-O g5 {[%emt 0:04:32] [#] The position is equal.} 11. Nf3 $146 ({Predecessor:} 11. Qe2 Nbc6 12. Rad1 Nxd4 13. Bxd4 Bd7 14. f4 gxf4 15. Rxf4 Bg5 16. Rff1 Qe7 17. a4 {0-1 (41) Srijit,P (2419)-Idani,P (2621) Dhaka 2022}) 11... Nbd7 12. Bd4 Nxf3+ 13. Qxf3 Ne5 14. Qg3 Qc7 15. f4 gxf4 16. Qxf4 Rf8 17. a4 Bd7 18. Qf2 Bc6 19. b3 h5 20. gxh5 (20. Bb6 Qd7 $14) 20... f5 21. Qe3 ({Wrong is} 21. exf5 $2 Rg8 22. Nb5 Qc8 $19) ({White should play} 21. Rad1 $14) 21... Rg8 {[%emt 0:03:40][%mdl 1024] Black has compensation.} (21... O-O-O $5 ) 22. Bb6 $2 {[%emt 0:03:29] [#]} (22. Kh1 $11) 22... Bg5 $1 $19 23. Qf2 Qg7 {[%emt 0:01:41] Threatens to win with ...Nd7.} 24. Kh1 {[%emt 0:01:10] [#]} Nd7 $1 25. Nd5 Nxb6 ({Not} 25... exd5 26. exd5 Bh4 27. Qe2+ Qe7 28. Qxe7+ Kxe7 29. Bf2 (29. dxc6 Nxb6 30. Rf4 Bf6 $14) 29... Bxf2 30. dxc6 $16) 26. Nxb6 {[%emt 0:00:24] [#]} (26. Qe2 Bxd5 27. exd5) 26... Be3 $1 {[%emt 0:00:27][%mdl 512] A strong pair of Bishops. Black is clearly winning.} 27. Qe2 Bxb6 28. Rad1 O-O-O {[%emt 0:01:41] Strongly threatening ...Qe5.} 29. Rd2 Qxg2+ 30. Qxg2 Bxe4 31. Qxe4 fxe4 32. Rf7 Rg3 {[%emt 0:01:09] White must now prevent ...Rdg8.} 33. Kh2 Rdg8 {[%emt 0:35:08] Weighted Error Value: White=0.64/Black=0.18 (very precise)} 0-1

[Event "15th Arad Open 2022"]
[Site "Arad"]
[Date "2022.08.14"]
[Round "9.17"]
[White "Korcsek, Alexandru-David"]
[Black "Herczeg, Marcell"]
[Result "1-0"]
[ECO "B22"]
[WhiteElo "1826"]
[BlackElo "2044"]
[Annotator "NA RC"]
[PlyCount "63"]
[EventDate "2022.08.08"]
[EventType "swiss"]
[EventCountry "ROU"]
[SourceTitle "playchess.com"]
[Source "ChessBase"]
[SourceQuality "1"]
[TimeControl "5400+30"]

1. e4 c5 2. c3 Nf6 3. e5 Nd5 4. d4 cxd4 5. Nf3 e6 6. cxd4 d6 7. a3 Nc6 8. Bd3 Qa5+ (8... dxe5 $11 9. dxe5 g6) 9. Bd2 Qb6 10. Bc3 ({White should play} 10. Nc3 $14) 10... Nf4 (10... Bd7 $15) 11. O-O Nxd3 12. Qxd3 dxe5 13. dxe5 Be7 14. Nbd2 O-O 15. Ne4 Rd8 16. Qc4 Na5 {[%emt 0:13:42] [#]} 17. Qa4 ({White should try} 17. Qe2 $1 $16) 17... Nb3 18. Rad1 Qc6 19. Nf6+ gxf6 20. Qg4+ Kf8 21. exf6 Bd6 22. Rxd6 Qxd6 23. Qg7+ Ke8 24. Bb4 Nc5 25. Ng5 Rd7 26. Ne4 $18 b6 27. Nxd6+ Rxd6 28. Qg8+ Kd7 29. Qxf7+ Kc6 30. Qe8+ Kb7 31. f7 Bd7 32. Qxa8+ 1-0

[Event "15th Arad Open 2022"]
[Site "Arad"]
[Date "2022.08.14"]
[Round "9.18"]
[White "Samu, Sorin-Mihai"]
[Black "Iacoban, Anatolie"]
[Result "1-0"]
[ECO "B07"]
[WhiteElo "1952"]
[BlackElo "1821"]
[Annotator "TA"]
[PlyCount "52"]
[EventDate "2022.08.08"]
[EventType "swiss"]
[EventCountry "ROU"]
[SourceTitle "playchess.com"]
[Source "ChessBase"]
[SourceQuality "1"]
[TimeControl "5400+30"]

1. d4 d6 2. e4 Nf6 3. Nc3 g6 4. Bc4 Bg7 5. h4 {[%emt 0:00:12] [#]} Nbd7 $146 (5... Nc6 $11) ({Predecessor:} 5... c6 6. a3 Nbd7 7. f4 Nb6 8. Ba2 Bg4 9. Qd3 Nh5 10. Nh3 e5 11. Nf2 exd4 12. Ne2 Bxe2 13. Kxe2 {0-1 (26) Lo Coco,A (1219)-Neuenbaumer,J (1937) Berlin 2022}) 6. h5 $14 {[%emt 0:00:42] B07: Pirc Defence: Miscellaneous Systems.} gxh5 7. Nge2 c5 8. dxc5 {[%emt 0:00:41] White is better.} Nxc5 9. Nf4 (9. e5 $5 dxe5 10. Qxd8+ Kxd8 11. Bxf7 $14) 9... e6 (9... Bd7 $14 {is more appropriate.}) 10. Bb5+ $16 Bd7 11. Qxd6 Ncxe4 12. Bxd7+ (12. Nxe4 {looks sharper.} Nxe4 13. Qb4 Bxb5 14. Nxh5 Bd4 15. Qxb5+ Qd7 16. Qxd7+ Kxd7 17. f3) 12... Qxd7 13. Qxd7+ Kxd7 14. Nxh5 {[%emt 0:00:26] Strongly threatening Nxe4.} Bf8 $2 (14... Nxc3 $14 15. Nxg7 Nce4) 15. Nxe4 (15. f3 $18) 15... Nxe4 16. f3 Nd6 17. Nf6+ (17. b3 $16) 17... Kc6 $14 18. Bf4 $36 {[%emt 0:00:27][%mdl 2048] White is more active.} ({Much worse is} 18. Rxh7 Be7 19. Rxh8 Rxh8 $15) 18... Bg7 {[%emt 0:03:23] [#]} 19. O-O-O $1 Rad8 {[%emt 0:02:59] [#]} (19... Nc4 20. Bg5) 20. Be5 {[%emt 0:01:27] White is much more active.} ({Much weaker is} 20. Nxh7 $6 Nc4 21. b3 Rxh7 22. bxc4 Rxd1+ 23. Rxd1 Bc3 $11) (20. Nh5 $1 $16 Bf8 21. Rd3) 20... h6 {[%emt 0:01:04] [#]} ({Black should try} 20... h5 $14) 21. Ng4 (21. Rd3 $1 $18) 21... Rhg8 22. Bxg7 Rxg7 23. Rxh6 Rdg8 (23... Kc7 $16 24. Ne3 Nb5 25. Rxd8 Kxd8) 24. Ne5+ $18 {[%emt 0:01:10] White is clearly better.} Kc7 25. g4 Rd8 26. Rf6 Ra8 {[%emt 1:05:19] Weighted Error Value: White=0.18 (very precise) /Black=0.50} (26... Re8 {is a better defense.} 27. b3 Re7) 1-0

[Event "15th Arad Open 2022"]
[Site "Arad"]
[Date "2022.08.14"]
[Round "9.19"]
[White "Bartha, Andrei"]
[Black "Capragiu, Matei-Stefan"]
[Result "1-0"]
[ECO "B34"]
[WhiteElo "1772"]
[BlackElo "1925"]
[Annotator "TA"]
[PlyCount "67"]
[EventDate "2022.08.08"]
[EventType "swiss"]
[EventCountry "ROU"]
[SourceTitle "playchess.com"]
[Source "ChessBase"]
[SourceQuality "1"]
[TimeControl "5400+30"]

1. e4 c5 2. Nf3 Nc6 3. d4 cxd4 4. Nxd4 g6 5. Nc3 Bg7 6. Be3 Nf6 7. Nxc6 bxc6 8. e5 Ng8 9. Bd4 Qa5 10. e6 (10. f4 $5 ) 10... Nf6 {[%emt 0:00:13] B34: Sicilian: Accelerated Dragon with 5 Nc3: sidelines.} 11. exd7+ Bxd7 12. Qe2 c5 {[%emt 0:03:50] Black has an edge.} (12... O-O {with more complications.} 13. O-O-O Rfb8 14. Qxe7 Be6) 13. Be5 O-O 14. O-O-O (14. Qa6 $15 Qb4 15. O-O-O) 14... Bc6 $1 $17 (14... Bg4 15. f3 Be6 16. Qa6 $11) 15. f3 ({White should try} 15. a3 $15) 15... Bh6+ 16. Kb1 Nd7 $1 17. Bg3 {[%emt 0:07:07] [#]} (17. Rxd7 $17 {is the only way for White.} Bxd7 18. h4) 17... Bg7 $146 (17... Rab8 $1 $19 {[%cal Ob8b2][%mdl 512] is more deadly.} 18. Bxb8 (18. Qe1 Bg7) 18... Rxb8) ({Predecessor:} 17... Rab8 18. Bxb8 Rxb8 19. Qe1 Bg7 20. Rd3 Qb4 21. b3 c4 22. Re3 cxb3 23. cxb3 a5 {0-1 (36) Spirin,A (2111)-Meissner,R (2141) LSS email 2011}) 18. Rd3 (18. Qxe7 $2 Rae8 19. Qd6 Rb8 $1 $19) (18. Qa6 $17 Bxc3 19. bxc3 Rab8+ 20. Kc1 (20. Bxb8 Rxb8+ 21. Kc1 Qxc3 $19) 20... Qxc3 21. Qxc6) 18... Rab8 (18... c4 $19 {and Black stays clearly on top.} 19. Re3 Qb6) 19. Nd1 $2 (19. Bxb8 $17 Rxb8 20. Nd1) 19... c4 $19 20. Qd2 Qb6 (20... Rxb2+ $1 $19 21. Nxb2 c3) 21. Rc3 $17 {[%emt 0:10:07] [#]} Nc5 $1 22. Bxc4 (22. Bxb8 Rd8) 22... Bxc3 ({Black should play} 22... Rfd8 $17 23. Qc1 Rb7) 23. Qxc3 $15 {[%emt 0:00:42] Bf2 is the strong threat.} Rb7 24. Re1 Rd8 $36 {[%emt 0:01:21][%mdl 2048] Strongly threatening ...Na4. Black is on the roll.} 25. b3 Na4 26. Qe5 Qb4 {[%emt 0:00:46] White must now prevent ...Qxc4.} (26... Rbd7 $5 27. Ne3 (27. Bxf7+ $2 Kxf7 28. Qf4+ Ke8 $19) 27... Bb5 $1 28. Bxb5 Qxb5 $1 $15) 27. Bd3 (27. Bxf7+ $2 Kxf7 28. Qe6+ Kf8 $19) (27. Ne3 $1 $11 {remains equal.}) 27... Bb5 $1 $17 28. Bxb5 (28. a3 $2 Qxa3 $1 29. Qa1 (29. Bxb5 $2 Rxb5 30. Qa1 Qb4 $19) 29... Qb4 $19) (28. Qe4 $17 Bxd3 29. Qxb4 Rxb4 30. cxd3) 28... Rxb5 $19 29. Qe3 Qa3 $2 (29... Rbd5 30. Nf2 Nc3+ 31. Kb2 Ra5 $1) 30. Be5 {[%emt 0:00:55] [#]} Rbd5 ({Better is} 30... Rxe5 $1 $19 31. Qxe5 f6 32. Qe6+ Kf8 33. bxa4 Rb8+ 34. Qb3 Rxb3+ 35. axb3 Qd6) 31. Nf2 {[%emt 0:00:56] [#]} (31. Nb2 $17 Nxb2 32. Bxb2 Rd1+ 33. Bc1) 31... Nc5 $4 (31... f6 32. Ba1 $17) (31... Rd2 $1 $19 {[%cal Od2c2] avoids the disaster. ( -> ...Rxc2!)} 32. Rc1 {[#]} (32. Qh6 $2 f6 $19) 32... R8d6 $1 ) 32. Bb2 $18 {[%emt 0:00:51][%mdl 64] Discovered Attack. Chess con chili.} ({Not} 32. Qh6 Ne6 33. Bb2 Qa5 $17) 32... Qa5 33. Qxe7 {[%emt 0:01:12][%cal Oe7e8] Qe8+! would kill now.} Qd2 $2 {[%emt 0:01:13] [#]} (33... Ne6 $18 34. Rc1 (34. Rxe6 Rd1+ 35. Bc1 fxe6 $16) 34... Rd4) 34. Qe8+ $3 {[%emt 0:00:30][%mdl 512] Weighted Error Value: White=0.54/Black=0.79} 1-0

[Event "15th Arad Open 2022"]
[Site "Arad"]
[Date "2022.08.14"]
[Round "9.20"]
[White "Batagan, Ilinca-Petra"]
[Black "Parasca, Claudiu"]
[Result "1-0"]
[ECO "D34"]
[WhiteElo "1932"]
[BlackElo "1784"]
[Annotator "RC"]
[PlyCount "37"]
[EventDate "2022.08.08"]
[EventType "swiss"]
[EventCountry "ROU"]
[SourceTitle "playchess.com"]
[Source "ChessBase"]
[SourceQuality "1"]
[TimeControl "5400+30"]

1. d4 d5 2. c4 e6 3. Nf3 c5 4. cxd5 exd5 5. g3 Nc6 6. Bg2 Nf6 7. O-O Be6 8. Nc3 Be7 9. dxc5 Bxc5 10. Bg5 Be7 11. Nd4 O-O 12. Rc1 h6 13. Nxc6 bxc6 14. Bxf6 Bxf6 15. Na4 Rc8 16. Nc5 Bxb2 17. Rb1 Ba3 18. Nb7 Qe7 19. Qa4 1-0